AoeStats
← Cristobal1012

Arabia

510290138Analyzed
2v2 RM · 10h ago on Sep 30, 2026· 40m 6s· 4 players
Game mode
Random Map
Map size
Medium (4 player)
Population
200
Speed
Normal
Resources
Standard
Victory
Conquest
Starting age
Dark Age
Ending age
Imperial Age
RankedLock teamsTeams togetherTeam positionsShared explorationLock speedFull tech treeHidden civsTurbo modeCheats
Victory
Defeat
🇨🇱 Chinese · Chile
961
+11
🇨🇱 Poles · Chile
814
+18
🇮🇳 Burgundians · India
865
-15
🇦🇺 Varangians · Australia
840
-14
ser jon bon jovi
6:14 Loom
10:24 Loom
12:25 Feudal Age
12:56 Double-Bit Axe
15:47 Horse Collar
22:17 Castle Age
20:50 Bloodlines
22:58 Gold Mining
23:29 Scale Barding Armor
24:02 Husbandry
24:51 Forging
24:51 Heavy Plow
25:18 Bow Saw
26:38 Iron Casting
27:04 Wheelbarrow
30:06 Town Watch
31:34 Hand Cart
31:10 Loom
32:22 Stone Mining
33:56 Chain Barding Armor
ashzbashz
11:25 Feudal Age
10:56 Horse Collar
11:34 Man-at-Arms
12:38 Heavy Plow
13:40 Town Watch
18:58 Loom
21:45 Castle Age
20:23 Double-Bit Axe
21:27 Scale Barding Armor
21:39 Forging
24:26 Long Swordsman
25:08 Squires
25:56 Scale Mail Armor
31:38 Light Cavalry
32:41 Husbandry
36:13 Chain Barding Armor
36:29 Iron Casting
Cristobal1012
10:06 Feudal Age
10:42 Double-Bit Axe
13:57 Wheelbarrow
20:03 Castle Age
23:56 Arson
26:59 Squires
28:20 Pikeman
33:22 Bow Saw
39:37 Imperial Age
38:10 Treadmill Crane
39:58 Elite Obuch
gjdelcam
11:25 Feudal Age
17:55 Castle Age
17:39 Forging
18:30 Loom
19:07 Scale Mail Armor
19:29 Squires
19:48 Arson
20:52 Gold Mining
22:48 Iron Casting
26:17 Chain Mail Armor
28:49 Double-Bit Axe
35:29 Fletching
35:40 Padded Archer Armor
36:37 Gold Shaft Mining
36:37 Ballistics
37:44 Bodkin Arrow
39:17 Murder Holes
Connection lost

Rejoining the realm…

Still unreachable

The connection could not be restored.

Session expired

The server has moved on; the page needs a fresh start.